 Dungeon Crawl Stone Soup version 0.19.1 (webtiles) character file.

130 Haldmier the Firebug (level 4, -1/27 HPs)
             Began as a High Elf Fire Elementalist on Dec 12, 2016.
             Slain by a centaur (7 damage)
             ... on level 3 of the Dungeon.
             The game lasted 00:10:08 (3459 turns).

Haldmier the Firebug (High Elf Fire Elementalist)   Turns: 3459, Time: 00:10:09

Health: -1/27      AC:  3    Str:  8    XL:     4   Next: 89%
Magic:  7/8        EV: 13    Int: 18    God:
Gold:   149        SH:  0    Dex: 16    Spells: 2 memorised, 3 levels left

rFire  . . .     SeeInvis .     t - +2 spear (pierce)
rCold  . . .     Gourm    .     a - +0 robe
rNeg   . . .     Faith    .     (no shield)
rPois  .         Spirit   .     (no helmet)
rElec  .         Reflect  .     (no cloak)
rCorr  .         Harm     .     m - +0 pair of gloves (curse)
MR     .....                    (no boots)
Stlth  ++........               (no amulet)
                                (no ring)
                                (no ring)

@: no status effects
A: no striking features
a: no special abilities


You were on level 3 of the Dungeon.
You were hungry.

You visited 1 branch of the dungeon, and saw 3 of its levels.

You collected 149 gold pieces.

Inventory:

Hand Weapons
 j - a +0 dagger
 t - a +2 spear of piercing (weapon)
Missiles
 q - 2 throwing nets (quivered)
Armour
 a - a +0 robe (worn)
 m - a cursed +0 pair of gloves (worn)
Jewellery
 l - a cursed amulet of inaccuracy {unknown}
Wands
 r - a wand of iceblast (6/15)
Scrolls
 f - a scroll of teleportation {unknown}
 i - 5 scrolls of remove curse {unknown}
 n - a scroll of recharging {unknown}
 o - a scroll of fog {unknown}
 p - a scroll of random uselessness {unknown}
 s - a scroll of immolation {unknown}
 v - a scroll of identify {unknown}
Potions
 d - a potion of resistance {unknown}
 e - 3 potions of might {unknown}
 g - a potion of heal wounds {unknown}
 h - a potion of berserk rage {unknown}
 k - a potion of cancellation {unknown}
 u - a potion of agility {unknown}
Books
 b - a book of Flames

   Spells                             Type                      Level
   a - Flame Tongue                   Conjuration/Fire             1
   b - Throw Flame                    Conjuration/Fire             2
   c - Conjure Flame                  Conjuration/Fire             3
   d - Inner Flame                    Hexes/Fire                   3
   e - Sticky Flame                   Conjuration/Fire             4
   f - Fireball                       Conjuration/Fire             5
Comestibles
 c - 2 bread rations


   Skills:
 - Level 2.1 Dodging
 - Level 2.1 Stealth
 - Level 2.4 Spellcasting
 + Level 4.0 Conjurations
 * Level 4.2 Fire Magic


You had 3 spell levels left.
You knew the following spells:

 Your Spells              Type           Power        Failure   Level  Hunger
a - Flame Tongue          Conj/Fire      ###..        3%          1    #......
b - Conjure Flame         Conj/Fire      ###.....     12%         3    ###....


Dungeon Overview and Level Annotations

Branches:
Dungeon (3/15)

Altars:
Elyvilon
Zin

Annotations:
D:2 Sigmund


Message History

A centaur comes into view.
Found a ring mail.
The centaur shouts!
The centaur wields a shortbow.
The centaur shoots an arrow.
The arrow hits you!
You take 12 damage, and have 15/27 hp.
MASSIVE DAMAGE!!
Casting: Flame Tongue
Confirm with . or Enter, or press ? or * to list all spells.
Aiming: Flame Tongue
Press: ? - help, Shift-Dir - straight line, f - centaur
Aim: a centaur, wielding a shortbow The flame tongue hits the centaur.
The centaur is lightly wounded.
The centaur unwields an uncursed shortbow.
The centaur hits you!
* * * LOW HITPOINT WARNING * * *
You take 9 damage, and have 6/27 hp.
MASSIVE DAMAGE!!
You now have 7/8 mp.
You hit the centaur.
The centaur is moderately wounded.
The centaur hits you!
You die...

###.#.## #.......
#....... #.......
#....... # #### #.......
... ... #######'#...
.....#.#######.........##
.......c@....'...(..>..##
.....#.#######.........##
.## #. #.........## #.
#.........## #.
###.........## #.
#...........## #[
#...........## #c
#......####### #......# #


You could see a centaur.

Vanquished Creatures
  3 gnolls (D:2)
  4 adders (D:2)
  3 oozes (D:1)
  A worm (D:2)
  2 leopard geckos (D:1)
  4 bats
  A giant cockroach (D:1)
  3 hobgoblins
  3 jackals (D:1)
  3 kobolds (D:1)
  4 frilled lizards
  9 goblins
  13 rats
53 creatures vanquished.

Vanquished Creatures (others)
  A ball python (D:2)
1 creature vanquished.

Grand Total: 54 creatures vanquished

Notes
Turn   | Place    | Note
-------+----------+-------------------------------------------
     0 | D:1      | Haldmier the High Elf Fire Elementalist began the quest for the Orb.
     0 | D:1      | Reached XP level 1. HP: 11/11 MP: 4/4
   346 | D:1      | Reached XP level 2. HP: 17/17 MP: 0/6
  1106 | D:1      | Reached XP level 3. HP: 21/21 MP: 5/7
  1309 | D:2      | Learned a level 3 spell: Conjure Flame
  1759 | D:2      | Noticed Sigmund
  1856 | D:2      | Reached XP level 4. HP: 24/27 MP: 2/8
  1942 | D:2      | Found a white marble altar of Elyvilon.
  3097 | D:2      | Found a faded altar of an unknown god.
  3097 | D:2      | Found a faded altar of an unknown god.
  3102 | D:2      | Found a faded altar of an unknown god.
  3104 | D:2      | Found a glowing silver altar of Zin.
  3106 | D:2      | Found a faded altar of an unknown god.
  3447 | D:3      | Noticed a centaur
  3459 | D:3      | Slain by a centaur

Skill      XL: |  1  2  3  4 |
---------------+-------------+-----
Conjurations   | 2 3 4 |  4.0
Fire Magic     | 4 |  4.2
Dodging        | |  2.1
Stealth        | |  2.1
Spellcasting   | |  2.4

Action                   |  1- 3 |  4- 6 || total
-------------------------+-------+-------++-------
Melee: Dagger            |     6 |     8 ||    14
       Spear             |       |    30 ||    30
 Cast: Flame Tongue      |    64 |    38 ||   102
       Conjure Flame     |       |     2 ||     2
 Stab: Sleeping          |       |     1 ||     1
  Eat: Chunk             |     3 |     5 ||     8
Armor: Robe              |     4 |     7 ||    11
Dodge: Dodged            |    31 |    25 ||    56
